 Dungeon Crawl Stone Soup version 0.27.0-1-g7a089689b8 (webtiles) character file.

Game seed: 16745976721675983870

49 Descartes the Ducker (level 3, -2/15 HPs)
             Began as a Felid Transmuter on July 31, 2021.
             Slain by JozkaLipnik's ghost (5 damage)
             ... on level 3 of the Dungeon.
             The game lasted 00:05:31 (3437 turns).

Descartes the Ducker (Felid Transmuter)             Turns: 3437, Time: 00:05:31

Health: -2/15      AC:  1    Str: 13    XL:     3   Next: 51%
Magic:  6/7        EV: 18    Int: 14    God:
Gold:   118        SH:  0    Dex: 16    Spells: 3/6 levels left
                                        Lives:  0   Deaths: 1

rFire    . . .     SeeInvis +     - Unarmed
rCold    . . .     Faith    .   (shield unavailable)
rNeg     . . .     Spirit   .   (armour unavailable)
rPois    .         Reflect  .   (helmet unavailable)
rElec    .         Harm     .   (cloak unavailable)
rCorr    .         Rampage  .   (gloves unavailable)
Will     .....                  (boots unavailable)
Stlth    ++........             (no amulet)
HPRegen  0.05/turn              n - +6 ring of strength
MPRegen  0.10/turn              e - ring of wizardry

@: appendages (expiring), quick
A: horns 2, very small, claws 1, fangs 3, see invisible, speed 1, shaggy fur 1,
stealthy paws, no weapons or thrown items, no armour, multi-lived
a: End Transformation


You were on level 3 of the Dungeon.
You had temporarily grown beastly horns.
You visited 1 branch of the dungeon, and saw 3 of its levels.

You collected 118 gold pieces.

Inventory:

Jewellery
 e - a ring of wizardry (right paw)
 n - a +6 ring of strength (left paw)
Scrolls
 a - a scroll of enchant weapon {unknown}
 b - a scroll of immolation {unknown}
 d - 3 scrolls of fog {unknown}
 f - a scroll of teleportation {unknown}
 g - 3 scrolls of identify {unknown}
 i - a scroll of blinking {unknown}
 j - a scroll of fear {unknown}
 l - a scroll of amnesia {unknown}
Potions
 c - 4 potions of curing {unknown}
 h - 2 potions of brilliance {unknown}
 k - a potion of attraction {unknown}
 m - a potion of heal wounds {unknown}


   Skills:
 - Level 1.0 Fighting
 + Level 4.0 Dodging
 + Level 2.8 Stealth
 + Level 3.7 Unarmed Combat
 - Level 2.0 Spellcasting
 + Level 3.1 Transmutations


You had 3 spell levels left.
You knew the following spells:

 Your Spells              Type           Power      Damage    Failure   Level
a - Beastly Appendage     Tmut           20%        N/A       2%          1
b - Wereblood             Tmut           10%        N/A       4%          2

Your spell library contained the following spells:

 Spells                   Type           Power      Damage    Failure   Level
 Spider Form              Tmut/Pois      2%         N/A       16%         3
 Ice Form                 Ice/Tmut       5%         N/A       43%         4
 Hailstorm                Conj/Ice       1%         3d3       65%         4
 Simulacrum               Ice/Necr       0%         N/A       100%        6


Dungeon Overview and Level Annotations

Branches:
Dungeon (3/15)

Altars:
Ru

Shops:
D:1 (

Annotations:
D:2 1 runed translucent door, Crazy Yiuf
D:3 JozkaLipnik's ghost, amateur MfGl


Innate Abilities, Weirdness & Mutations

You have temporarily grown beastly horns.
You have sharp claws.
You have razor-sharp teeth.
You have supernaturally acute eyesight. (SInv)
You cover ground quickly. (Speed+)
You are covered in fur. (AC +1)
Your paws help you pounce on unaware monsters.
You are incapable of wielding weapons or throwing items.
You cannot wear armour.
You gain extra lives every three experience levels.


Message History

JozkaLipnik's ghost is heavily damaged.
JozkaLipnik's ghost barely misses you.
You miss JozkaLipnik's ghost. Your bite misses JozkaLipnik's ghost.
JozkaLipnik's ghost is heavily damaged.
JozkaLipnik's ghost closely misses you.
You scratch JozkaLipnik's ghost. Your claw misses JozkaLipnik's ghost.
JozkaLipnik's ghost is heavily damaged.
JozkaLipnik's ghost barely misses you.
You scratch JozkaLipnik's ghost but do no damage.
JozkaLipnik's ghost is heavily damaged.
JozkaLipnik's ghost hits you!
Ouch! That really hurt!
You die...
Your shape twists and changes as you die.
You are now level 3!
Your horns disappear.
You rejoin the land of the living...
JozkaLipnik's ghost is nearby!
Casting: Beastly Appendage (safe; 2% risk of failure)
Confirm with . or Enter, or press ? or * to list all spells.
You grow a pair of large bovine horns.
JozkaLipnik's ghost misses you.
You barely miss JozkaLipnik's ghost.
You bite JozkaLipnik's ghost, but do no damage.
JozkaLipnik's ghost is heavily damaged.
JozkaLipnik's ghost hits you.
You scratch JozkaLipnik's ghost.
JozkaLipnik's ghost is severely damaged.
JozkaLipnik's ghost hits you!
Ouch! That really hurt!
You scratch JozkaLipnik's ghost. You headbutt JozkaLipnik's ghost.
JozkaLipnik's ghost is almost destroyed.
JozkaLipnik's ghost hits you.
* * * LOW HITPOINT WARNING * * *
You closely miss JozkaLipnik's ghost.
You headbutt JozkaLipnik's ghost, but do no damage.
JozkaLipnik's ghost is almost destroyed.
Your transformation is almost over.
JozkaLipnik's ghost hits you.
You die...

###........########### #.#### #
#####..............#######.#...
.....###..#.##..###........#....
........##...##..# #########.#.##
..###....##..##..# #........
..W.##....#.###..########.##.#.##
!....#....#.###..##..............
.....##...'..##..##.###..........
...=.:#...'....W@...............#
°#Z..$#...'.#....#...##.#.#####.)
Z# ..##..†#.#...........#.## #)#
.## ##...W#.#..<##...#.....# #.#
..###....##.....###.##.##..# #..
.......###..........##.##..# #.#
##...###...##..####.##.##..# #.#
.#####...#.....# #.##.##..####.#
.......######..####.............#


You could see JozkaLipnik's ghost.

Vanquished Creatures
  A scorpion simulacrum (D:3)
  A hound simulacrum (D:3)
  A white imp (D:3)
  2 dart slugs
  An adder simulacrum (D:3)
  2 orcs (D:3)
  6 endoplasms
  5 giant cockroaches
  2 goblins
  7 hobgoblins
  3 jackals (D:2)
  9 kobolds
  2 quokkas
  7 ball pythons
  A ball python simulacrum (D:3)
  6 bats
  6 frilled lizards
  A jackal simulacrum (D:3)
  3 rats
66 creatures vanquished.

Vanquished Creatures (others)
  A fungus (D:3)
  2 plants (D:3)
3 creatures vanquished.

Grand Total: 69 creatures vanquished

Notes
Turn   | Place    | Note
-------+----------+-------------------------------------------
     0 | D:1      | Descartes the Felid Transmuter began the quest for the Orb.
     0 | D:1      | Reached XP level 1. HP: 9/9 MP: 4/4
    13 | D:1      | Found Telunuci's Antique Weapon Boutique.
   156 | D:1      | Reached skill level 3 in Dodging
   156 | D:1      | Reached skill level 1 in Stealth
   208 | D:1      | Reached XP level 2. HP: 12/12 MP: 3/6
   979 | D:1      | Reached XP level 3. HP: 15/15 MP: 5/7
  1095 | D:2      | Found a sacrificial altar of Ru.
  1589 | D:2      | Found a runed translucent door.
  1590 | D:2      | Noticed Crazy Yiuf
  2017 | D:3      | Found a runed translucent gate.
  2031 | D:3      | Found a runed translucent gate.
  2032 | D:3      | Found a runed translucent gate.
  2239 | D:3      | Found a faded altar of an unknown god.
  2971 | D:3      | Noticed JozkaLipnik's ghost (amateur MfGl)
  3018 | D:3      | Reached XP level 4. HP: 18/19 MP: 6/8
  3205 | D:3      | Learned a level 2 spell: Wereblood
  3291 | D:3      | Reached skill level 4 in Dodging
  3421 | D:3      | Slain by JozkaLipnik's ghost
  3422 | D:3      | Reached XP level 3. HP: -2/15 MP: 7/7
  3437 | D:3      | Slain by JozkaLipnik's ghost

Illustrated notes

Levels and vault maps discovered:
D:1:      eino_arrival_druids_welcome, layout_basic, serial_shops,
          nicolae_shop_overgrown_old_shop, hangedman_feature_mirror
D:2:      layout_rooms, basic_altar, minmay_tetromino_s2,
          uniq_crazy_yiuf_cottage
D:3:      layout_loops_ring, dreamdust_ecumenical_altar_hidden_monk_grotto,
          gammafunk_ghost_icy

Skill      XL: |  1  2  3  4 |
---------------+-------------+-----
Dodging        | 3 4 |  4.0
Stealth        | 1 2 |  2.8
Transmutations | 3 |  3.1
Fighting       | |  1.0
Unarmed Combat | |  3.7
Spellcasting   | |  2.0

Action                   |  1- 3 |  4- 6 || total
-------------------------+-------+-------++-------
Melee: Unarmed           |   125 |    30 ||   155
       Headbutt          |    20 |       ||    20
       Bite              |     9 |     4 ||    13
       Punch             |     3 |       ||     3
 Cast: Beastly Appendage |    39 |     5 ||    44
       Wereblood         |       |     1 ||     1
 Stab: Sleeping          |     5 |       ||     5
       Distracted        |       |     1 ||     1
Armor: Skin              |    10 |       ||    10
Dodge: Dodged            |    95 |    17 ||   112
